 Dungeon Crawl Stone Soup version 0.26-a0-665-gefeb406119 (webtiles) character file.

Game seed: 13450745867126312520

62138 jasper the Thaumaturge (level 15, -6/77 HPs)
             Began as a Vine Stalker Ice Elementalist on Oct 15, 2020.
             Was the Champion of Kikubaaqudgha.
             Mangled by a troll (13 damage)
             ... on level 13 of the Dungeon.
             The game lasted 01:15:43 (27998 turns).

jasper the Thaumaturge (VSIE)                      Turns: 27998, Time: 01:15:44

Health: -6/77      AC: 11    Str: 13    XL:     15   Next: 5%
Magic:  0/33       EV: 14    Int: 29    God:    Kikubaaqudgha [******]
Gold:   375        SH:  6    Dex: 14    Spells: 2/40 levels left

rFire    . . .     SeeInvis .   E - +1 hand crossbow
rCold    . . .     Faith    .   F - +1 buckler
rNeg     . . .     Spirit   +   J - +0 troll leather armour
rPois    .         Reflect  .   H - +1 hat {Int+3}
rElec    .         Harm     .   h - +2 cloak
rCorr    .         Rampage  .   n - +0 pair of gloves
MR       ++...                  M - +1 pair of boots
Stlth    ++........             u - amulet of regeneration
HPRegen  1.82/turn              Q - +6 ring of intelligence
MPRegen  0.23/turn              a - ring of protection from magic

@: lethally poisoned (-6 -> -7), frozen ramparts, slowed, very slow
A: fangs 3, regeneration 2, magic shield, antimagic bite, no potion heal 3, rot
immunity
a: Receive Corpses, Torment, Brand Weapon With Pain, Receive Necronomicon,
Renounce Religion


You were on level 13 of the Dungeon.
You worshipped Kikubaaqudgha.
Kikubaaqudgha was exalted by your worship.
You visited 4 branches of the dungeon, and saw 22 of its levels.

You collected 3114 gold pieces.
You spent 2739 gold pieces at shops.

Inventory:

Hand Weapons
 x - a +1 vorpal trident
 E - a +1 hand crossbow (weapon)
Missiles
 d - 532 stones
 i - 51 bolts (quivered)
Armour
 h - a +2 cloak (worn)
 n - a +0 pair of gloves (worn)
 F - a +1 buckler (worn)
 H - a +1 hat of intelligence (worn)
 J - a +0 troll leather armour (worn)
 M - a +1 pair of boots (worn)
Jewellery
 a - a ring of protection from magic (right hand)
 b - an uncursed ring of flight
 f - an uncursed ring of see invisible
 u - an amulet of regeneration (around neck)
 O - an uncursed ring of positive energy
 Q - a +6 ring of intelligence (left hand)
 X - an uncursed ring of resist corrosion
 Y - a +4 ring of protection
Wands
 o - a wand of flame (8)
 q - a wand of iceblast (11)
 w - a wand of paralysis (19)
 P - a wand of polymorph (7)
 W - a wand of random effects (46)
Scrolls
 c - a scroll of blinking
 e - 3 scrolls of fog
 k - 6 scrolls of enchant armour
 l - 2 scrolls of summoning
 s - 5 scrolls of immolation
 v - 5 scrolls of magic mapping
 y - a scroll of identify
 D - 3 scrolls of amnesia
 G - 4 scrolls of teleportation
 K - a scroll of remove curse
 R - a scroll of silence
 V - a scroll of random uselessness {unknown}
Potions
 g - 7 potions of brilliance
 j - 11 potions of curing
 m - 5 potions of heal wounds
 p - 3 potions of stabbing
 r - 6 potions of haste
 t - 4 potions of might
 z - a potion of ambrosia
 A - a potion of cancellation {unknown}
 B - a potion of resistance
 C - 4 potions of lignification {unknown}
 I - 4 potions of mutation {unknown}
 L - a potion of flight {unknown}


   Skills:
 - Level 8.3 Fighting
 - Level 3.0 Armour
 - Level 4.3 Dodging
 - Level 2.4 Stealth
 - Level 4.0 Shields
 - Level 13.0 Spellcasting
 + Level 3.8 Conjurations
 - Level 12.0 Necromancy
 - Level 2.1 Translocations
 - Level 2.0 Transmutations
 - Level 2.0 Fire Magic
 * Level 12.7 Ice Magic
 + Level 4.5 Air Magic
 - Level 5.0 Earth Magic
 - Level 2.0 Poison Magic


You had 2 spell levels left.
You knew the following spells:

 Your Spells              Type           Power        Failure   Level
a - Dispel Undead         Necr           ######..     1%          4
b - Ozocubu's Armour      Ice            #######.     1%          3
c - Frozen Ramparts       Ice            ######       1%          3
d - Animate Skeleton      Necr           ######       1%          1
e - Sublimation of Blood  Necr           ######....   1%          2
f - Borgnjor's Vile Clut  Necr/Erth      ######....   3%          5
g - Freezing Cloud        Conj/Ice/Air   ######....   30%         6
h - Simulacrum            Ice/Necr       ######....   3%          6
i - Mephitic Cloud        Conj/Pois/Air  #####...     2%          3
j - Ignite Poison         Fire/Tmut/Pois ####....     4%          3
k - Blink                 Tloc           N/A          2%          2

Your spell library contained the following spells:

 Spells                   Type           Power        Failure   Level
 Freeze                   Ice            ####         1%          1
 Magic Dart               Conj           ####         1%          1
 Pain                     Necr           ####         1%          1
 Sting                    Tmut/Pois      ####         1%          1
 Poisonous Vapours        Pois/Air       #####.       1%          2
 Searing Ray              Conj           #####.       1%          2
 Summon Small Mammal      Summ           ###.         3%          1
 Call Imp                 Summ           ###.....     5%          2
 Slow                     Hex            ###.....     5%          2
 Vampiric Draining        Necr           ######....   1%          3
 Hailstorm                Conj/Ice       ######..     1%          4
 Excruciating Wounds      Necr           ######....   1%          5
 Summon Ice Beast         Ice/Summ       ######..     2%          4
 Conjure Flame            Conj/Fire      #####...     3%          3
 Death Channel            Necr           ######....   3%          6
 Dazzling Flash           Conj/Hex       ####..       4%          3
 Iskenderun's Mystic Bla  Conj/Tloc      #####...     10%         4
 Call Canine Familiar     Summ           ###.....     11%         3
 Summon Guardian Golem    Hex/Summ       ###.....     11%         3
 Summon Lightning Spire   Summ/Air       ####....     14%         4
 Fulminant Prism          Conj/Hex       ####......   16%         4
 Olgreb's Toxic Radiance  Pois           ####....     16%         4
 Borgnjor's Revivificati  Necr           ######....   86%         8
 Infestation              Necr           ######....   86%         8
 Haunt                    Necr/Summ      ######....   94%         7
 Necromutation            Tmut/Necr      ######....   100%        8
 Death's Door             Necr           ######....   100%        9


Dungeon Overview and Level Annotations

Branches:
Dungeon (13/15)            Temple (1/1) D:4            Lair (6/6) D:10
  Swamp (0/4) Lair:2       Spider (0/4) Lair:4        Slime (0/5) Lair:5
    Orc (2/2) D:11            Elf (0/3) Orc:2
 Vaults: D:13-14

Altars:
Ashenzari
Cheibriados
Dithmenos
Elyvilon
Fedhas
Gozag
Hepliaklqana
Kikubaaqudgha
Makhleb
Okawaru
Qazlal
Ru
Sif Muna
Trog
Uskayaw
Vehumet
Wu Jian
Xom
Yredelemnul
Zin
The Shining One
Beogh
Jiyva

Shops:
D:6 (   D:7 [   Orc:2 =:(

Annotations:
D:3 2 transporters, robertstho's ghost, amateur TrFi
D:4 1 runed translucent door
Lair:5 3 runed translucent doors, lunkers's ghost, journeyman BaIE
Lair:6 2 runed translucent doors, Whiskey's ghost, journeyman FoFi
Orc:1 2 transporters, robertstho's ghost, journeyman KoHu


Innate Abilities, Weirdness & Mutations

You have razor-sharp teeth.
You heal very quickly.
When hurt, damage is shared between your health and your magic reserves.
Your bite disrupts and absorbs the magic of your enemies.
Potions cannot restore your health.
You are immune to rotting.


Message History

Casting: Frozen Ramparts (safe; 1% risk of failure)
Confirm with . or Enter, or press ? or * to list all spells.
The walls around you are covered in ice.
You feel sick.
The wall freezes the hornet!
The hornet stings you!
* * * LOW HITPOINT WARNING * * *
You feel as though you will be slow longer.
The ice beast completely resists.
The wall freezes the ice beast but do no damage.
You block the ice beast's attack.
The wall freezes the troll!
The troll closely misses you. The troll claws you!
* * * LOW HITPOINT WARNING * * *
The troll closely misses you.
The wall freezes the hornet.
You kill the hornet!
Kikubaaqudgha accepts your kill.
The ice beast completely resists.
The wall freezes the ice beast but do no damage.
The ice beast hits you but does no damage.
The wall freezes the troll.
You block the troll's attack. The troll claws you!
You die...
Kikubaaqudgha rasps: "You have failed me!
Welcome... death!"

#. . ... #. ......
#. . .. #..........
#.. .#. #...#.......
#((. #)#
#...##.......
#...)##(##...#
#....... #°)(.....#
#.......
#...☼##((....#
#....... #...
##I..#..# #.......
#.E ##@((##..#
#....... #°
##..T###..# #.###...
#° ##...## #..###.#
#... .
##....####......#
#...
##...#...........#
#...
##...[............#
#...
##...###..##.......#
#... ##...##
#..##.......# #...
##....#
#..##.......# #...


You could see a troll and an ice beast.

Vanquished Creatures
  Rupert (D:12)
  Gastronok (D:12)
  Josephine (D:11)
  3 hydras
  2 boulder beetles
  Erolcha (D:11)
  A centaur warrior (D:13)
  3 two-headed ogres
  7 orc high priests (Orc:2)
  3 death yaks
  4 skeletal warriors
  2 unseen horrors
  2 orc knights
  2 ugly things (D:11)
  A wolf spider (D:13)
  3 orc sorcerers
  A deep elf mage (D:13)
  6 black mambas
  A centaur zombie (D:10)
  2 gargoyles
  8 cane toads
  2 rime drakes
  An efreet (D:13)
  8 komodo dragons
  4 polar bears
  A meliai (D:13)
  4 trolls
  A hornet (D:13)
  A hornet (shapeshifter) (D:13)
  4 blink frogs (Lair:6)
  Prince Ribbit (D:7)
  11 dream sheep
  Sigmund (D:3)
  8 wraiths
  A shadow (D:13)
  47 yaks
  10 wyverns
  Grum (Lair:1)
  A steam dragon (Lair:4)
  8 vampire mosquitoes (D:13)
  A naga (shapeshifter) (D:13)
  9 wargs (Orc:2)
  11 water moccasins
  Duvessa (D:5)
  3 hell hounds (Lair:6)
  A swamp drake (D:11)
  2 sky beasts
  16 orc warriors
  6 ice beasts
  A necrophage (D:13)
  6 ogres
  2 black bears
  5 centaurs
  2 phantoms
  29 wolves
  5 big kobolds
  12 bullfrogs
  5 scorpions
  Dowan (D:5)
  3 killer bees (D:13)
  12 wights
  2 electric eels (D:10)
  2 howler monkeys (D:5)
  2 bullfrog zombies (D:13)
  2 quasits
  5 hounds
  33 orc priests
  4 jellies
  5 bullfrog skeletons
  3 centaur skeletons
  Natasha (D:3)
  9 iguanas
  18 orc wizards
  8 worker ants
  A hound skeleton (D:7)
  A worker ant zombie (D:4)
  7 gnolls
  12 adders
  A shadow imp (D:8)
  2 white imps (D:8)
  A howler monkey simulacrum (D:8)
  5 ufetubi
  2 oozes (D:4)
  An adder zombie (D:8)
  4 worms
  A dart slug (D:4)
  4 leopard geckos
  93 orcs
  3 giant cockroaches
  7 goblins
  5 hobgoblins
  7 jackals
  3 quokkas
  3 ball pythons
  3 bats
  2 frilled lizards
  33 kobolds
  A quokka zombie (D:6)
  8 rats
607 creatures vanquished.

Vanquished Creatures (collateral kills)
  A polar bear (Lair:5)
  A yak (Lair:3)
  A wolf (Lair:1)
  An orc wizard (D:10)
  A centaur skeleton (D:9)
5 creatures vanquished.

Vanquished Creatures (others)
  A jackal (D:4)
  A quokka (D:4)
  36 fungi
  18 plants
56 creatures vanquished.

Grand Total: 668 creatures vanquished

Notes
Turn   | Place    | Note
-------+----------+-------------------------------------------
     0 | D:1      | jasper the Vine Stalker Ice Elementalist began the quest
                  | for the Orb.
     0 | D:1      | Reached XP level 1. HP: 9/9 MP: 4/4
   566 | D:1      | Reached XP level 2. HP: 13/13 MP: 4/6
  1357 | D:2      | Reached skill level 5 in Ice Magic
  1357 | D:2      | Reached XP level 3. HP: 15/16 MP: 3/7
  1399 | D:1      | Learned a level 3 spell: Ozocubu's Armour
  2035 | D:2      | Found a broken altar of Ashenzari.
  2299 | D:3      | Gained mutation: Your natural rate of healing is unusually
                  | fast. [Vine Stalker growth]
  2299 | D:3      | Reached XP level 4. HP: 21/21 MP: 0/8
  2522 | D:3      | Found a transporter.
  2526 | D:3      | Found a stormy altar of Qazlal.
  2528 | D:3      | Found a transporter.
  2549 | D:3      | Noticed robertstho's ghost (amateur TrFi)
  2669 | D:2      | Learned a level 3 spell: Frozen Ramparts
  2757 | D:3      | Found a glowing silver altar of Zin.
  3081 | D:3      | Found an iron altar of Okawaru.
  3190 | D:3      | Reached XP level 5. HP: 22/24 MP: 7/9
  3451 | D:3      | Noticed Sigmund
  3509 | D:4      | Reached skill level 1 in Fighting
  3641 | D:4      | Found a runed translucent door.
  3709 | D:4      | Found a staircase to the Ecumenical Temple.
  3720 | D:4      | Noticed a phantom
  3725 | D:4      | Reached skill level 3 in Spellcasting
  3727 | Temple   | Entered the Ecumenical Temple
  3927 | Temple   | Became a worshipper of Kikubaaqudgha
  3946 | D:4      | Reached XP level 6. HP: 25/30 MP: 8/11
  3988 | D:4      | Found a white marble altar of Elyvilon.
  4020 | D:4      | Found a shimmering altar of Xom.
  4201 | D:4      | Reached skill level 1 in Necromancy
  4259 | D:4      | Found an ornate altar of the Wu Jian Council.
  4444 | D:4      | Found a glowing golden altar of the Shining One.
  4444 | D:4      | Noticed an angel
  4783 | D:5      | Entered Level 5 of the Dungeon
  4818 | D:5      | Reached XP level 7. HP: 35/35 MP: 9/13
  4825 | D:5      | Reached skill level 4 in Spellcasting
  5254 | D:5      | Found a radiant altar of Vehumet.
  5472 | D:5      | Noticed Dowan
  5651 | D:6      | Found Jaupsoso's Weapon Boutique.
  5740 | D:6      | Found a bloodstained altar of Trog.
  5757 | D:6      | Found a sacrificial altar of Ru.
  6100 | D:6      | Found a snail-covered altar of Cheibriados.
  6263 | D:6      | Found an ornate altar of the Wu Jian Council.
  6348 | D:7      | Reached * piety under Kikubaaqudgha
  6348 | D:7      | Identified Kikubaaqudgha's Disquisition on Sinister Secrets
                  | (Kikubaaqudgha gifted it to you on level 7 of the Dungeon)
  6348 | D:7      | Received a gift from Kikubaaqudgha
  6354 | D:7      | Learned a level 1 spell: Animate Skeleton
  6357 | D:7      | Learned a level 2 spell: Sublimation of Blood
  6395 | D:7      | Found Usiffoov's Armour Boutique.
  6404 | D:7      | Bought a +0 buckler for 54 gold pieces
  6404 | D:7      | Bought a +0 pair of boots for 54 gold pieces
  6430 | D:7      | Reached skill level 5 in Spellcasting
  6430 | D:7      | Gained mutation: You have razor-sharp teeth. [Vine Stalker
                  | growth]
  6430 | D:7      | Reached XP level 8. HP: 35/39 MP: 13/16
  7005 | D:7      | Reached skill level 1 in Shields
  7239 | D:7      | Noticed Prince Ribbit
  7516 | D:8      | Noticed a polar bear
  7531 | D:8      | Killed a polar bear
  7531 | D:8      | Reached skill level 6 in Spellcasting
  7747 | D:8      | Reached XP level 9. HP: 45/45 MP: 15/19
  7760 | D:8      | Reached ** piety under Kikubaaqudgha
  8036 | D:8      | Reached skill level 7 in Spellcasting
  8204 | D:8      | Noticed a polar bear
  8311 | D:5      | Killed Dowan
  8352 | D:5      | Noticed Duvessa
  8359 | D:5      | Killed Duvessa
  8416 | D:5      | Found an iron altar of Okawaru.
  8586 | D:3      | Noticed Natasha
  8589 | D:3      | Killed Natasha
  8622 | D:3      | Killed Sigmund
  8973 | D:8      | Noticed a polar bear
  9572 | D:9      | Reached XP level 10. HP: 51/51 MP: 17/22
  9585 | D:9      | Noticed a catoblepas
  9648 | D:9      | Reached skill level 8 in Spellcasting
  9836 | D:9      | Found a basalt altar of Yredelemnul.
  9931 | D:9      | Reached skill level 5 in Necromancy
 10010 | D:9      | Noticed a two-headed ogre
 10020 | D:9      | Killed a two-headed ogre
 10020 | D:9      | Reached skill level 5 in Fighting
 10054 | D:10     | Entered Level 10 of the Dungeon
 10399 | D:10     | Reached *** piety under Kikubaaqudgha
 10399 | D:10     | Identified Kikubaaqudgha's Compendium of Black Rites
                  | (Kikubaaqudgha gifted it to you on level 10 of the Dungeon)
 10399 | D:10     | Received a gift from Kikubaaqudgha
 10406 | D:10     | Learned a level 4 spell: Dispel Undead
 10412 | D:10     | Learned a level 5 spell: Borgnjor's Vile Clutch
 10434 | D:10     | Learned a level 4 spell: Hailstorm
 10681 | D:10     | Reached skill level 9 in Spellcasting
 11106 | D:10     | Found a staircase to the Lair.
 11404 | D:11     | Noticed a purple ugly thing
 11451 | D:11     | Noticed a cyan ugly thing
 11709 | D:8      | Reached XP level 11. HP: 23/56 MP: 5/25
 12515 | D:7      | Killed Prince Ribbit
 12606 | Lair:1   | Entered Level 1 of the Lair of Beasts
 12934 | Lair:1   | Noticed Grum
 12939 | Lair:1   | Reached skill level 10 in Spellcasting
 12942 | Lair:1   | Killed Grum
 12942 | Lair:1   | Reached **** piety under Kikubaaqudgha
 13119 | Lair:1   | You fall into a shaft and drop 1 floor!
 13331 | Lair:1   | Reached skill level 1 in Armour
 13506 | Lair:1   | Learned a level 6 spell: Simulacrum
 13740 | Lair:2   | Reached skill level 1 in Earth Magic
 14258 | Lair:2   | Found a staircase to the Swamp.
 14403 | Lair:2   | Got an iridescent war axe
 14404 | Lair:2   | Identified the +5 war axe "Mighas" {vorpal, rElec MR+ Str+3
                  | Int-3} (You found it on level 2 of the Lair of Beasts)
 15554 | Lair:3   | Gained mutation: You heal very quickly. [Vine Stalker
                  | growth]
 15554 | Lair:3   | Reached XP level 12. HP: 62/62 MP: 21/27
 15889 | Lair:3   | Noticed an eight-headed hydra
 15896 | Lair:3   | Killed an eight-headed hydra
 16025 | Lair:3   | Reached skill level 5 in Earth Magic
 16133 | Lair:3   | Noticed a six-headed hydra
 16143 | Lair:3   | Killed a six-headed hydra
 16166 | Lair:3   | Reached skill level 10 in Ice Magic
 16429 | Lair:3   | You fall into a shaft and drop 3 floors!
 16429 | Lair:6   | Entered Level 6 of the Lair of Beasts
 17120 | Lair:4   | Learned a level 3 spell: Mephitic Cloud
 17128 | Lair:4   | You fall into a shaft and drop 2 floors!
 17276 | Lair:4   | Noticed a boulder beetle
 17277 | Lair:4   | Found a hole to the Spider Nest.
 17295 | Lair:4   | Killed a boulder beetle
 17295 | Lair:4   | Reached skill level 1 in Conjurations
 17295 | Lair:4   | Reached skill level 1 in Air Magic
 17295 | Lair:4   | Reached skill level 1 in Poison Magic
 17800 | Lair:4   | Identified a scroll of acquirement
 17800 | Lair:4   | Acquired 961 gold pieces
 17928 | Lair:5   | Found a runed translucent gate.
 17928 | Lair:5   | Found a runed translucent gate.
 17928 | Lair:5   | Found a runed translucent gate.
 18032 | Lair:5   | Reached XP level 13. HP: 69/69 MP: 19/28
 18197 | Lair:5   | Noticed lunkers's ghost (journeyman BaIE)
 18198 | Lair:5   | Noticed a minotaur
 18249 | Lair:5   | Found a viscous altar of Jiyva.
 18249 | Lair:5   | Found a staircase to the Slime Pits.
 18639 | Lair:6   | Reached skill level 11 in Spellcasting
 18984 | Lair:6   | Reached skill level 12 in Spellcasting
 18989 | Lair:6   | Learned a level 3 spell: Ignite Poison
 19002 | Lair:6   | Found a large runed translucent door.
 19002 | Lair:6   | Found a large runed translucent door.
 19043 | Lair:6   | Reached skill level 1 in Fire Magic
 19045 | Lair:6   | Reached skill level 1 in Transmutations
 19159 | Lair:6   | Noticed Whiskey's ghost (journeyman FoFi)
 19488 | Lair:6   | Reached ***** piety under Kikubaaqudgha
 20099 | Lair:6   | Reached skill level 10 in Necromancy
 20301 | D:11     | Found a staircase to the Orcish Mines.
 20536 | D:11     | Noticed Erolcha
 20543 | D:11     | Killed Erolcha
 21163 | D:11     | Identified the cursed +1 ring mail of the Pirate {rN+}
 21386 | D:11     | Noticed Josephine
 21391 | D:11     | Killed Josephine
 21990 | Orc:1    | Entered Level 1 of the Orcish Mines
 22230 | Orc:1    | Noticed robertstho's ghost (journeyman KoHu)
 22299 | Orc:1    | Found a transporter.
 22449 | Orc:1    | Found a transporter.
 22481 | Orc:2    | Entered Level 2 of the Orcish Mines
 22667 | Orc:2    | Reached XP level 14. HP: 61/74 MP: 15/31
 23340 | Orc:2    | Found a shimmering altar of Xom.
 23393 | Orc:2    | Found a staircase to the Elven Halls.
 24286 | Orc:2    | Found Ased's Jewellery Boutique.
 24286 | Orc:2    | Found Goos's Book Emporium.
 24321 | Orc:2    | Bought a book of Minor Magic for 300 gold pieces
 24321 | Orc:2    | Bought a book of Clouds for 675 gold pieces
 24708 | Orc:2    | Reached ****** piety under Kikubaaqudgha
 24800 | Orc:2    | Learned a level 2 spell: Blink
 24865 | Orc:2    | Found Caavuj's Weapon Boutique.
 24865 | Orc:2    | Found Sizxed's Distillery.
 24910 | Orc:2    | Found a roughly hewn altar of Beogh.
 25173 | Orc:2    | Bought a Necronomicon for 1656 gold pieces
 25268 | D:12     | Noticed Gastronok
 25285 | D:12     | Killed Gastronok
 25285 | D:12     | Reached skill level 1 in Translocations
 25310 | D:12     | Noticed Rupert
 25348 | D:12     | Paralysed by Rupert for 2 turns
 25354 | D:12     | Killed Rupert
 26199 | D:12     | Reached skill level 13 in Spellcasting
 26342 | D:12     | Learned a level 6 spell: Freezing Cloud
 27944 | D:13     | Reached XP level 15. HP: 75/77 MP: 28/33
 27998 | D:13     | Mangled by a troll

Illustrated notes

Levels and vault maps discovered:
D:1:      dpeg_arrival_round_a, layout_loops_ring
D:2:      layout_rooms, evilmike_ruin_ashenzari, serial_glass, glass_columns_a,
          glass_columns_c, minmay_misc_feat_roman
D:3:      layout_basic, lemuel_doored_altar, old_standard_altar,
          overflow_temple_1_default, gammafunk_ghost_stat_death, uniq_sigmund,
          uniq_natasha
D:4:      layout_cave_pools, elyvilon_altar_4, lemuel_round_altar,
          xom_confusion_cloud, minmay_temple_entry_gardened_gates,
          lemuel_angel_altar
D:5:      layout_loops_ring, overflow_temple_1_default, basic_altar,
          uniq_duvessa
D:6:      layout_basic, lightli_temple_of_fire, nicolae_overflow_crystal_walls,
          old_standard_altar, basic_altar, serial_shops, nicolae_shop_trees
D:7:      layout_basic, serial_shops, nicolae_shop_crystal,
          kennysheep_generic_room_14, uniq_prince_ribbit1
D:8:      layout_cave_pods, serial_ice, serial_ice_b, serial_ice_g,
          serial_ice_l, serial_ice_d, st_stairs_7
D:9:      layout_roguey, old_standard_altar, kennysheep_mini,
          gammafunk_ghost_wrathful_warriors, minmay_strange_pillars,
          minmay_fire_ice_demons
D:10:     layout_long_grid, erik_lair_island, enter_bailey_8
D:11:     layout_basic, erik_orc_1, uniq_josephine, uniq_erolcha
D:12:     layout_rooms, uniq_gastronok, uniq_rupert
D:13:     minmay_triangles_in_corner, layout_long_grid
Temple:   compressed_dpeg_triangle_lava_temple
Lair:1:   layout_cave_pods, uniq_grum
Lair:2:   layout_loops_ring, swamp_mist_pool, beast_lair_carwin_1,
          grunt_megastairs_5
Lair:3:   layout_cave_pods
Lair:4:   layout_misc_corridors, nicolae_spider_entry_non_spiders,
          infiniplex_staircase_pool
Lair:5:   layout_hall_layers, slime_altar_1, maelrawn_ghost_gauntlet_escape,
          eino_small_chamber_without_monster
Lair:6:   cheibrodos_lair_end_hotspot, layout_long_grid,
          ebering_ghost_disaster_area
Orc:1:    layout_caves, gammafunk_ghost_berserking_beasts
Orc:2:    st_orc_town, layout_diamond_mine, basic_altar,
          nicolae_orc_damp_corner, abandoned_shop

Skill      XL: |  1  2  3  4  5  6  7  8  9 10 11 12 13 14 |
---------------+-------------------------------------------+-----
Ice Magic      | 5 6 7 8 9 10 11 12 | 12.7
Fighting       | 1 2 3 4 5 6 8 |  8.3
Dodging        | 2 3 4 |  4.3
Spellcasting   | 3 5 6 7 9 10 12 13 | 13.0
Necromancy     | 1 2 3 4 6 7 8 11 12 | 12.0
Shields        | 2 3 4 |  4.0
Armour         | 2 3 |  3.0
Earth Magic    | 4 5 |  5.0
Conjurations   | 2 3 |  3.8
Air Magic      | 3 4 |  4.5
Poison Magic   | 2 |  2.0
Fire Magic     | 2 |  2.0
Transmutations | 2 |  2.0
Translocations | 2 |  2.1
Stealth        | |  2.4

Action                   |  1- 3 |  4- 6 |  7- 9 | 10-12 | 13-15 || total
-------------------------+-------+-------+-------+-------+-------++-------
Melee: Spear             |    36 |    33 |       |       |       ||    69
       Bite              |     8 |    17 |     6 |    39 |     3 ||    73
       Trident           |       |    76 |    19 |   217 |     4 ||   316
       Hand axe          |       |       |    12 |       |       ||    12
 Fire: Hand crossbow     |       |       |   209 |   154 |   763 ||  1126
Throw: Stone             |    47 |    43 |     6 |    19 |       ||   115
 Cast: Freeze            |    38 |     5 |     4 |       |       ||    47
       Ozocubu's Armour  |     3 |     7 |     9 |    32 |    15 ||    66
       Frozen Ramparts   |       |    20 |    46 |    89 |   128 ||   283
       Animate Skeleton  |       |       |     1 |    32 |     4 ||    37
       Dispel Undead     |       |       |       |     4 |    15 ||    19
       Hailstorm         |       |       |       |     1 |     5 ||     6
       Mephitic Cloud    |       |       |       |       |    28 ||    28
       Ignite Poison     |       |       |       |       |    24 ||    24
       Borgnjor's Vile C |       |       |       |       |     9 ||     9
       Blink             |       |       |       |       |     2 ||     2
       Simulacrum        |       |       |       |       |     1 ||     1
Invok: Receive Corpses   |       |       |       |     4 |     2 ||     6
Evoke: Wand              |       |       |    17 |    20 |     4 ||    41
  Use: Scroll            |     1 |       |    12 |    11 |     5 ||    29
       Potion            |       |       |       |       |     1 ||     1
 Stab: Sleeping          |     1 |       |       |     2 |       ||     3
Armor: Robe              |    15 |    26 |    61 |    80 |       ||   182
       Troll leather arm |       |       |       |    70 |   174 ||   244
Dodge: Dodged            |    27 |    71 |    87 |   299 |   287 ||   771
Block: Buckler           |       |       |       |   127 |   130 ||   257

Table legend: (Time is in decaauts)
 A = Elapsed time spent in this place.
 B = Non-inter-level travel time spent in this place.
 C = Inter-level travel time spent in this place.
 D = Time resting spent in this place.
 E = Time spent auto-exploring this place.
 F = Levels seen in this place.
 G = Mean time per level.
                   A        B        C        D        E       F      G
               +--------+--------+--------+--------+--------+-----+--------+
         Total |  28736 |  27459 |   1277 |   4098 |  17830 |  22 | 1306.2 |
       Dungeon |  17343 |  16510 |    833 |   2459 |  10524 |  13 | 1334.1 |
        Temple |    215 |    203 |     12 |      0 |    193 |   1 |  215.0 |
          Lair |   7808 |   7509 |    299 |    819 |   5429 |   6 | 1301.3 |
  Orcish Mines |   3370 |   3239 |    131 |    820 |   1683 |   2 | 1685.0 |
               +--------+--------+--------+--------+--------+-----+--------+

Top non-repeatable levels by time:
   Orc:2: 2577 daAuts
     D:8: 2125 daAuts
    D:11: 1876 daAuts
  Lair:3: 1757 daAuts
  Lair:6: 1561 daAuts
     D:3: 1553 daAuts
    D:13: 1541 daAuts
    D:10: 1541 daAuts
     D:1: 1497 daAuts
    D:12: 1324 daAuts
  Lair:5: 1245 daAuts
     D:7: 1195 daAuts
  Lair:2: 1173 daAuts
     D:4: 1168 daAuts
  Lair:1: 1124 daAuts
